cohdb
Replays
Latest Replays
All Replays
Popular Replays
Top Player Replays
Match Explorer
How It Works
Community
CoH3 Stats
Reddit
Sign in to upload your games and track your stats! →
Sign in with Steam
Match 43092241
Unlisted
Match 43092241
Overview
Messages
Build Orders
End
Kettenkrad Recon Vehicle
Construct Infanterie Kompanie
Grenadier Squad
Grenadier Squad
Grenadier Squad
MG 42 Machine Gun Team
Infanterie Officer Quarters
Selects Terror Battlegroup
Selects Machine Gun Camouflage
MG 42 Machine Gun Team
Pioneer Squad
Construct Panzergrenadier Kompanie
Selects Contempt for the Weak
Medical Station
Support Elements
Pak 40 Anti-tank Gun Team
StuG III G Assault Gun
Nebelwerfer 42 Rocket Launcher Team
Selects No Quarter
StuG III G Assault Gun
StuG III G Assault Gun
Pak 40 Anti-tank Gun Team
StuG III G Assault Gun
Pak 40 Anti-tank Gun Team
Selects King Tiger Heavy Tank
MG 42 Machine Gun Team
King Tiger Heavy Tank
Grenadier Squad
Selects Propaganda Leaflet Drop
Pioneer Squad
Grenadier Squad
Selects V1 Rocket Strike
Propaganda Leaflet Drop
StuG III G Assault Gun
V1 Rocket Strike
V1 Rocket Strike
Pioneer Squad
King Tiger Heavy Tank
Propaganda Leaflet Drop
seth_t
matrix4x4
0
0
Comments
sign in to comment!
No comments posted yet!